 Seeded DCSS version 0.29-a0-72-g1732ff48e7 (webtiles) character file.

Game seed: 10000000000011 (custom seed)

867 knot the Chopper (level 7, -1/52 HPs)
             Began as a Demonspawn Berserker on Feb 4, 2022.
             Was a Believer of Trog.
             Slain by an unseen horror (3 damage)
             ... on level 5 of the Dungeon.
             The game lasted 00:04:55 (5032 turns).

knot the Chopper (Demonspawn Berserker)             Turns: 5032, Time: 00:04:56

Health: -1/52      AC:  4    Str: 17    XL:     7   Next: 73%
Magic:  0/7        EV: 12    Int: 11    God:    Trog [**....]
Gold:   162        SH:  5    Dex: 12    Spells: 6/6 levels left

rFire   + . .      SeeInvis .   a - +0 hand axe
rCold   . . .      Faith    .   (no shield)
rNeg    . . .      Spirit   +   j - +2 robe {rF+}
rPois   .          Reflect  +   (no helmet)
rElec   .          Harm     .   (no cloak)
rCorr   .          Rampage  .   (no gloves)
Will    .....                   (no boots)
Stlth   +.........              d - amulet of reflection
HPRegen 0.17/turn               (no ring)
MPRegen 0.20/turn               (no ring)

@: on berserk cooldown, slowed, very slow
A: magic shield, magic regeneration, demonic touch 2
a: Renounce Religion, Berserk, Trog's Hand


You were on level 5 of the Dungeon.
You worshipped Trog.
Trog was pleased with you.
You visited 2 branches of the dungeon, and saw 6 of its levels.

You collected 162 gold pieces.

Inventory:

Hand Weapons
 a - a +0 hand axe (weapon)
Missiles
 b - 2 poisoned darts
 h - 104 stones
 k - 4 boomerangs (quivered)
Armour
 j - a +2 robe of fire resistance (worn)
Jewellery
 d - an amulet of reflection (around neck)
Wands
 i - a wand of flame (20)
 p - a wand of charming (7)
Scrolls
 c - a scroll of amnesia {unknown}
 g - 2 scrolls of identify {unknown}
 m - 2 scrolls of blinking {unknown}
 n - a scroll of fog {unknown}
Potions
 e - a potion of curing {unknown}
 f - a potion of might {unknown}
 l - a potion of lignification {unknown}


   Skills:
 - Level 3.0 Fighting
 * Level 7.7 Axes
 * Level 3.2 Throwing
 - Level 1.7 Armour
 - Level 1.7 Dodging


You had 6 spell levels left.
You didn't know any spells.
Your spell library contained the following spells:

 Spells                   Type           Power      Damage    Failure   Level
 Corpse Rot               Necr/Air       0%         N/A       47%         2
 Ensorcelled Hibernation  Hex/Ice        0%         N/A       47%         2
 Passwall                 Tmut/Erth      0%         N/A       47%         2
 Poisonous Vapours        Pois/Air       0%         N/A       47%         2
 Swiftness                Air            0%         N/A       71%         3


Dungeon Overview and Level Annotations

Branches:
Dungeon (5/15)             Temple (1/1) D:4

Altars:
Qazlal

Shops:
D:3 [


Innate Abilities, Weirdness & Mutations

When hurt, damage is shared between your health and your magic reserves.
You regenerate magic rapidly.
Your touch may inflict irresistible damage on your foes.


Message History

Found a stone staircase leading down.
You now have 162 gold pieces (gained 9).
Something hits you.
Deactivating autopickup; reactivate with Ctrl-A.
Something hits you but does no damage. Something hits you. Something hits you!
Something hits you.
Aiming: Polymorph
Press: ? - help, Shift-Dir - straight line Nothing appears to happen.
The now-empty wand crumbles to dust.
Something hits you.
Aiming: Throw Flame
Press: ? - help, Shift-Dir - straight line The puff of flame hits something.
Something hits you! Something hits you! Something hits you.
* * * LOW HITPOINT WARNING * * *
A red film seems to cover your vision as you go berserk!
You feel yourself moving faster!
You feel mighty! Something hits you.
* * * LOW HITPOINT WARNING * * *
You feel a strong urge to attack something.
Something hits you.
* * * LOW HITPOINT WARNING * * *
Something hits you but does no damage.
You barely miss something. Your touch misses something. Something hits you.
* * * LOW HITPOINT WARNING * * *
Something hits you.
* * * LOW HITPOINT WARNING * * *
You miss something. Something hits you but does no damage.
You barely miss something. Something hits you but does no damage.
You hit something. Something hits you.
* * * LOW HITPOINT WARNING * * *
You block something's attack.
You feel a strong urge to attack something.
You are no longer berserk.
You are exhausted.
You feel yourself slow down.
You closely miss something.
You touch something.
Something hits you.
* * * LOW HITPOINT WARNING * * *
Something hits you.
You die...

####...## #.##.##.#
#.... .......
........###....
...... ...#
#.#........ .....
...###.#.###....
#...# ###.##..#.#
#.... #...#
#.......#.# #....
#.#.# #.#.##..#[#
#####
#...###.#.......#
#.....@....#..###
.....######.##.#..#
#### ............#
#.#.###.#.##########
#...###.#...........
###..##.############
#....##.# .
#.......#
#...##.####


There were no monsters in sight!

Vanquished Creatures
  A kobold demonologist (D:5)
  A black bear (D:5)
  An ogre (D:3)
  3 scorpions
  Dowan (D:4)
  An orc priest (D:4)
  A hound (D:5)
  2 centaur skeletons
  5 adders
  3 orcs
  6 endoplasms
  2 giant cockroaches
  5 hobgoblins
  15 jackals
  A quokka (D:4)
  4 ball pythons
  7 bats
  5 frilled lizards
  4 goblins
  3 kobolds
  6 rats
77 creatures vanquished.

Notes
Turn   | Place    | Note
-------+----------+-------------------------------------------
     0 | D:1      | knot the Demonspawn Berserker began the quest for the Orb.
     0 | D:1      | Reached XP level 1. HP: 18/18 MP: 1/1
    51 | D:1      | Reached skill level 3 in Axes
   226 | D:1      | Gained mutation: You regenerate magic rapidly. [demonic
                  | ancestry]
   226 | D:1      | Reached XP level 2. HP: 24/24 MP: 2/2
   424 | D:1      | You fall into a shaft and drop 1 floor!
   741 | D:2      | Gained mutation: Your touch may inflict minor irresistible
                  | damage on your foes. [demonic ancestry]
   741 | D:2      | Reached XP level 3. HP: 29/29 MP: 3/3
   782 | D:2      | Reached skill level 4 in Axes
  1031 | D:2      | Reached ** piety under Trog
  1497 | D:1      | Reached XP level 4. HP: 32/35 MP: 4/4
  2371 | D:3      | Noticed an ogre
  2379 | D:3      | Killed an ogre
  2380 | D:3      | Reached skill level 5 in Axes
  2380 | D:3      | Reached XP level 5. HP: 41/41 MP: 5/5
  2558 | D:3      | Found Daocsar's Antique Armour Emporium.
  3197 | D:4      | Reached skill level 6 in Axes
  3197 | D:4      | Gained mutation: Your touch may inflict irresistible damage
                  | on your foes. [demonic ancestry]
  3197 | D:4      | Reached XP level 6. HP: 19/47 MP: 6/6
  3665 | D:4      | Found a staircase to the Ecumenical Temple.
  3678 | D:4      | Noticed Duvessa
  3692 | D:4      | Noticed Dowan
  3697 | D:4      | Noticed Duvessa
  3697 | D:4      | Duvessa changed into Duvessa the scorpion
  3705 | D:4      | Killed Duvessa the scorpion
  3707 | Temple   | Entered the Ecumenical Temple
  4057 | D:4      | Killed Dowan
  4370 | D:4      | Noticed Ijyb
  4373 | D:4      | Noticed Ijyb
  4373 | D:4      | Ijyb changed into Ijyb the jackal
  4378 | D:4      | Killed Ijyb the jackal
  4495 | D:5      | Entered Level 5 of the Dungeon
  4504 | D:5      | Noticed a kobold demonologist
  4516 | D:5      | Killed a kobold demonologist
  4517 | D:5      | Reached skill level 7 in Axes
  4517 | D:5      | Gained mutation: When hurt, damage is shared between your
                  | health and your magic reserves. [demonic ancestry]
  4517 | D:5      | Reached XP level 7. HP: 52/52 MP: 7/7
  5032 | D:5      | HP: 2/52 [something (2)]
  5032 | D:5      | Slain by an unseen horror

Illustrated notes

Levels and vault maps discovered:
D:1:      lordsloth_arrival_two_stooges, layout_basic, grunt_decor_fettered,
          minmay_misc_feat_diagonals, nicolae_concentric_dashed_squares_wild
D:2:      layout_rooms, hangedman_decor_clover_reticule
D:3:      layout_basic, serial_shops, shop, kennysheep_path_1
D:4:      layout_rooms, temple_doors_e, uniq_duvessa, uniq_ijyb
D:5:      layout_loops_cross, nicolae_uskayaw_suspiria, item_on_display_a
Temple:   dshaligram_water_room_temple

Skill      XL: |  1  2  3  4  5  6  7 |
---------------+----------------------+-----
Axes           | 3 4 5 6 7 |  7.7
Throwing       | 2 3 |  3.2
Fighting       | |  3.0
Armour         | |  1.7
Dodging        | |  1.7

Action                   |  1- 3 |  4- 6 |  7- 9 || total
-------------------------+-------+-------+-------++-------
Melee: Hand axe          |   100 |   111 |    23 ||   234
       Punch             |     1 |     1 |       ||     2
       Touch             |     4 |    15 |     5 ||    24
Throw: Stone             |       |     3 |       ||     3
       Dart              |       |     2 |       ||     2
       Boomerang         |       |       |     1 ||     1
Invok: Berserk           |     3 |     7 |     3 ||    13
Evoke: Wand              |       |     7 |     2 ||     9
  Use: Potion            |       |     2 |       ||     2
Armor: Animal skin       |    20 |    11 |       ||    31
       Robe              |       |     4 |     8 ||    12
Dodge: Dodged            |    71 |    58 |    12 ||   141
Block: Other             |    27 |    22 |     8 ||    57
       Reflection        |       |     3 |       ||     3

Table legend: (Time is in decaauts)
 A = Elapsed time spent in this place.
 B = Non-inter-level travel time spent in this place.
 C = Inter-level travel time spent in this place.
 D = Time resting spent in this place.
 E = Time spent auto-exploring this place.
 F = Levels seen in this place.
 G = Mean time per level.
                   A        B        C        D        E       F      G
               +--------+--------+--------+--------+--------+-----+--------+
         Total |   5159 |   5023 |    136 |   2094 |   2312 |   6 |  859.8 |
       Dungeon |   4820 |   4684 |    136 |   1764 |   2312 |   5 |  964.0 |
        Temple |    339 |    339 |      0 |    330 |      0 |   1 |  339.0 |
               +--------+--------+--------+--------+--------+-----+--------+

Top non-repeatable levels by time:
     D:4: 1096 daAuts
     D:1: 1067 daAuts
     D:3: 1063 daAuts
     D:2: 1036 daAuts
     D:5: 557 daAuts
  Temple: 339 daAuts
